Description

Memes

Replay - Maru v ShoWTimE: Game 1 - Catalyst LE

Build Order

Get SALT Encoding   

  12  0:00  SCV  
  13  0:12  SCV  
  14  0:17  Supply Depot  
  14  0:24  SCV  
  15  0:29  Refinery  
  15  0:38  SCV  
  16  0:44  Barracks  
  16  0:50  SCV  
  17  1:03  SCV  
  18  1:16  SCV  
  19  1:30  Orbital Command  
  19  1:31  Marine  
  20  1:44  Command Center  
  20  1:56  Factory  
  20  1:59  SCV  
  21  2:03  Barracks Reactor  
  21  2:07  Refinery  
  21  2:11  SCV  
  22  2:18  Supply Depot  
  22  2:23  SCV  
  24  2:45  Cyclone x2  
  24  2:51  Marine  
  30  2:56  Orbital Command  
  32  3:09  Barracks Tech Lab  
  33  3:18  Hellion x2  
  35  3:25  Supply Depot  
  39  3:27  Marine  
  39  3:31  Stimpack  
  42  3:48  Barracks  
  42  4:04  Marine  
  42  4:06  Factory Tech Lab  
  42  4:07  Barracks  
  40  4:19  Bunker  
  40  4:22  Marine  
  43  4:27  Siege Tank  
  43  4:31  Engineering Bay  
  42  4:37  Marine x2, Supply Depot  
  46  4:41  Marauder  
  50  4:56  Terran Infantry Weapons Level 1  
  50  4:57  Starport  
  52  5:03  Marauder x2, Marine  
  52  5:05  Factory Reactor  
  57  5:12  Supply Depot  
  57  5:13  Missile Turret  
  59  5:14  Concussive Shells  
  59  5:17  Marine  
  60  5:24  Refinery  
  60  5:28  Marauder  
  62  5:31  Combat Shields  
  62  5:34  Marauder  
  66  5:47  Factory Reactor  
  66  5:49  Marine, Medivac  
  72  5:59  Medivac  
  72  6:02  Refinery  
  74  6:08  Marauder  
  78  6:13  Marauder  
  82  6:23  Command Center  
  82  6:27  Widow Mine x2  
  82  6:28  Medivac  
  90  6:33  Marauder x2  
  92  6:49  Widow Mine x2  
  92  6:52  Barracks x2  
  92  6:53  Terran Infantry Armor Level 1  
  96  6:58  Marauder  
  100  7:06  Medivac x2  
  107  7:17  Widow Mine x2  
  115  7:27  Armory  
  115  7:28  Engineering Bay  
  110  7:41  Widow Mine  
  105  7:51  Barracks Tech Lab, Barracks Reactor  
  105  7:56  Medivac  
  102  7:58  Orbital Command  
  102  8:04  Widow Mine x2  
  110  8:06  Medivac  
  116  8:26  Widow Mine  
  114  8:29  Orbital Command  
  119  8:35  Terran Infantry Weapons Level 2  
  119  8:44  Refinery x2  
  134  9:06  Ghost Academy  
  134  9:08  Liberator x2  
  123  9:51  Liberator x2  
  125  9:56  Terran Infantry Armor Level 2  
Spawning Tool Build Advisor. Get it on Overwolf

Analysis

Memes

Go to:

Details

  • Created by: Aggression
  • Published on: Mar 04, 2018
  • Modified on: Mar 04, 2018
  • Patch: 4.0.0
Show
View Real Time Build Order
Export as new Build Order

Comments (0)

There are no comments. Be the first!

Create an account to comment!